 Dungeon Crawl Stone Soup version 0.26.1-11-gd32895ea62 (webtiles) character file.

Game seed: 17410335734539213421

66 Descartes the Shield-Bearer (level 4, -2/35 HPs)
             Began as a Formicid Fighter on June 12, 2021.
             Slain by a gnoll (6 damage)
             ... on level 2 of the Dungeon.
             The game lasted 00:01:57 (1215 turns).

Descartes the Shield-Bearer (Formicid Fighter)      Turns: 1215, Time: 00:01:58

Health: -2/35      AC: 11    Str: 21    XL:     4   Next: 37%
Magic:  4/4        EV:  5    Int:  8    God:
Gold:   96         SH: 10    Dex: 10    Spells: 3/3 levels left

rFire    . . .     SeeInvis +   a - +0 long sword
rCold    . . .     Faith    .   c - +0 kite shield
rNeg     . . .     Spirit   .   g - +0 plate armour
rPois    .         Reflect  .   (helmet unavailable)
rElec    .         Harm     .   (no cloak)
rCorr    .         Rampage  .   (no gloves)
Will     .....                  (no boots)
Stlth    ..........             (no amulet)
HPRegen  0.11/turn              (no ring)
MPRegen  0.09/turn              (no ring)

@: no status effects
A: permanent stasis, dig shafts and tunnels, four strong arms, antennae 3
a: Dig, Shaft Self


You were on level 2 of the Dungeon.
You visited 1 branch of the dungeon, and saw 2 of its levels.

You collected 96 gold pieces.

Inventory:

Hand Weapons
 a - a +0 long sword (weapon)
Missiles
 j - 13 poisoned darts
 k - 79 stones
Armour
 b - a +0 scale mail
 c - a +0 kite shield (worn)
 g - a +0 plate armour (worn)
Jewellery
 i - an uncursed ring of poison resistance {unknown}
Scrolls
 e - a scroll of noise {unknown}
 f - 2 scrolls of identify {unknown}
 l - 3 scrolls of blinking {unknown}
 m - a scroll of remove curse {unknown}
 n - a scroll of fog {unknown}
 o - a scroll of enchant armour {unknown}
 p - a scroll of teleportation {unknown}
 q - a scroll of amnesia {unknown}
Potions
 d - a potion of might
 h - 3 potions of lignification {unknown}
 r - a potion of curing {unknown}
 s - a potion of resistance {unknown}


   Skills:
 - Level 3.2 Fighting
 - Level 2.0 Long Blades
 - Level 3.2 Armour
 + Level 5.9 Shields


You had 3 spell levels left.
You didn't know any spells.
Your spell library was empty.

Dungeon Overview and Level Annotations

Branches:
Dungeon (2/15)

Altars:


Innate Abilities, Weirdness & Mutations

You cannot be hasted, slowed, berserked, paralysed or teleported.
You can dig through walls and to a lower floor.
Your four strong arms can wield two-handed weapons with a shield.
You have a pair of large antennae on your head. (SInv)


Message History

The gnoll hits you with a +0 flail!
* * * LOW HITPOINT WARNING * * *
You hit the gnoll.
The gnoll is heavily wounded.
The gnoll hits you but does no damage.
You slash the gnoll!
You kill the gnoll!
You closely miss the gnoll.
The gnoll is heavily wounded.
The gnoll hits you but does no damage. The gnoll barely misses you.
You riposte.
Your plate armour prevents you from hitting the gnoll.
The gnoll is heavily wounded.
You closely miss the gnoll.
The gnoll is heavily wounded.
You block the gnoll's attack.
You closely miss the gnoll.
The gnoll is heavily wounded.
The gnoll hits you.
You die...

#[# ##.# #.# #.# #รท# #.#
#.####### ##'# ##### ####
#.......###... #..... ..#
#..####.##.... #.#...# #.#
#....##.#.....
#......##.#######....##.......
......).....g@................
#......##.######.....##.......
#.#...# #.# #.#......#.....
##.# #.# #.#########.... ...
..# #.# ##... ### ### #.#
####+# ##.## #..... ##...##
#.##.. ##.###.## #.....


You could see a gnoll.

Vanquished Creatures
  3 gnolls (D:2)
  A dart slug (D:1)
  A leopard gecko (D:1)
  8 bats
  A giant cockroach (D:1)
  2 hobgoblins
  4 jackals (D:2)
  3 kobolds (D:1)
  2 ball pythons (D:1)
  5 goblins (D:1)
  4 rats (D:1)
34 creatures vanquished.

Notes
Turn   | Place    | Note
-------+----------+-------------------------------------------
     0 | D:1      | Descartes the Formicid Fighter began the quest for the Orb.
     0 | D:1      | Reached XP level 1. HP: 18/18 MP: 1/1
    85 | D:1      | Reached skill level 4 in Shields
   296 | D:1      | Reached XP level 2. HP: 24/24 MP: 2/2
   637 | D:1      | Reached XP level 3. HP: 29/29 MP: 3/3
   778 | D:1      | Reached skill level 5 in Shields
  1210 | D:2      | Reached XP level 4. HP: 14/35 MP: 4/4
  1215 | D:2      | Slain by a gnoll

Illustrated notes

Levels and vault maps discovered:
D:1:      saegor_arrival_miasma, layout_loops_corners
D:2:      layout_loops_corners, minmay_domino_4

Skill      XL: |  1  2  3 |
---------------+----------+-----
Shields        | 4 5 |  5.9
Fighting       | |  3.2
Long Blades    | |  2.0
Armour         | |  3.2

Action                   |  1- 3 |  4- 6 || total
-------------------------+-------+-------++-------
Melee: Long sword        |   105 |     6 ||   111
 Abil: Dig               |     2 |       ||     2
Armor: Scale mail        |    11 |       ||    11
       Plate armour      |    56 |     3 ||    59
Dodge: Dodged            |    23 |     1 ||    24
Block: Kite shield       |    66 |     1 ||    67
       Rpst.: Long sword |     6 |     1 ||     7
